 Dungeon Crawl Stone Soup version 0.18.1-50-g88ac8fd (webtiles) character file.

994 magog001 the Shield-Bearer (level 8, -4/62 HPs)
             Began as a Formicid Fighter on Oct 21, 2017.
             Was a Follower of Nemelex Xobeh.
             Slain by magog001's ghost (6 damage)
             ... on level 5 of the Dungeon.
             The game lasted 00:22:28 (4040 turns).

magog001 the Shield-Bearer (Formicid Fighter)       Turns: 4040, Time: 00:22:31

Health: -4/62      AC:  7    Str: 28    XL:     8   Next: 42%
Magic:  8/8        EV: 12    Int:  8    God:    Nemelex Xobeh [*.....]
Gold:   232        SH: 12    Dex: 13    Spells: 0 memorised, 7 levels left

rFire  . . .     SeeInvis +     t - +1 war axe (flame)
rCold  . . .     Gourm    .     C - +2 leather armour of Refuge {rPois rN+ MR- Dex+3}
rNeg   + + .     Faith    .     c - +1 shield
rPois  +         Spirit   .     (helmet unavailable)
rElec  .         Dismiss  .     b - +1 cloak
rCorr  .         Reflect  .     (no gloves)
SustAt .         Harm     .     (no boots)
MR     .....                    (no amulet)
Stlth  +.........               (no ring)
                                z - ring of positive energy

@: mighty, not resistant to hostile enchantments, very unstealthy
A: permanent stasis, dig shafts and tunnels, four strong arms, antennae 3
a: Dig, Shaft Self, Renounce Religion


You were on level 5 of the Dungeon.
You worshipped Nemelex Xobeh.
Nemelex Xobeh was aware of your devotion.
You were not hungry.

You visited 1 branch of the dungeon, and saw 5 of its levels.

You collected 232 gold pieces.

Inventory:

Hand Weapons
 t - a +1 war axe of flaming (weapon)
 w - a +0 hunting sling
 x - a +1 dagger of venom
 y - a +0 blowgun
Missiles
 a - 70 poisoned needles
 q - 58 sling bullets
 s - 94 stones
 u - 8 curare-tipped needles
 F - 3 tomahawks (quivered)
Armour
 b - a +1 cloak (worn)
 c - a +1 shield (worn)
 C - the +2 leather armour of Refuge (worn) {rPois rN+ MR- Dex+3}
   (You found it on level 4 of the Dungeon)

   It affects your dexterity (+3).
   It protects you from poison.
   It protects you from negative energy.
   It affects your resistance to hostile enchantments.
Jewellery
 z - a ring of positive energy (left hand)
Wands
 o - a wand of paralysis (14/24)
Scrolls
 j - 3 scrolls of amnesia
 n - 3 scrolls of identify
 r - 6 scrolls of remove curse
 B - a scroll of magic mapping
Potions
 d - a potion of might
 i - 2 potions of flight {unknown}
 l - a potion of agility {unknown}
 A - a potion of haste {unknown}
 D - a potion of berserk rage {unknown}
 E - a potion of brilliance {unknown}
 G - a potion of curing {unknown}
 H - a potion of invisibility {unknown}
Miscellaneous
 e - a plain deck of war {drawn: 3}
 g - a plain deck of war
 p - a plain deck of destruction
 v - a plain deck of destruction {drawn: 7}
Comestibles
 f - 4 bread rations
 h - 3 meat rations
 k - a slice of pizza
 m - 2 chunks of flesh


   Skills:
 * Level 5.1 Fighting
 * Level 4.3 Axes
 * Level 5.3 Armour
 + Level 2.7 Dodging
 + Level 1.0 Stealth
 * Level 7.3 Shields
 + Level 0.7 Evocations


You had 7 spell levels left.
You didn't know any spells.

Dungeon Overview and Level Annotations

Branches:
Dungeon (5/15)             Temple (0/1) D:4

Altars:
Gozag
Nemelex Xobeh
Trog

Annotations:
D:5 magog001's ghost, novice CeFi


Innate Abilities, Weirdness & Mutations

You are under a permanent stasis effect.
You can dig through walls and to a lower floor.
Your four strong arms can wield two-handed weapons with a shield.
You have a pair of large antennae on your head (SInv).


Message History

You hit magog001's ghost. You burn magog001's ghost.
Magog001's ghost is moderately damaged.
Magog001's ghost barely misses you. Magog001's ghost closely misses you.
Drink which item? (? for menu, Esc to quit)
You feel very mighty all of a sudden. Magog001's ghost hits you!
You hit magog001's ghost. You burn magog001's ghost.
Magog001's ghost is moderately damaged.
You block magog001's ghost's attack.
You hit magog001's ghost. You burn magog001's ghost.
Magog001's ghost is heavily damaged.
Magog001's ghost hits you.
* * * LOW HITPOINT WARNING * * *
You hit magog001's ghost. You burn magog001's ghost.
Magog001's ghost is heavily damaged.
Magog001's ghost hits you!
* * * LOW HITPOINT WARNING * * *
Magog001's ghost hits you.
You die...
Your body disappears without a glow.

#.###_+....#
##.###+###..### #..#
#.# #....## ##.
...###.###.....##...
...................
....#....####.....
..##...### #...#
......## ##...##
.....## #...@W#
.....# ##.....#
....## ##...#...#
...## ##..#####..#
...# ##..## .....
..## ###..## #....
..# ##...## ....#
.#####....# ....#
###......##


You could see magog001's ghost.

Vanquished Creatures
  The ghost of magog001 the Slasher, an amateur HESk (D:4)
  A phantom (D:4)
  The ghost of megamataman the Charlatan, an amateur DDAr (D:3)
  An ogre (D:4)
  A crimson imp (D:3)
  A jelly (D:4)
  A hound (D:4)
  4 orc wizards (D:4)
  An orc priest (D:4)
  An iguana (D:4)
  2 worker ants (D:4)
  7 gnolls
  3 adders
  2 adder skeletons
  5 worms
  A dart slug (D:2)
  4 giant geckos
  12 orcs
  7 giant cockroaches
  11 goblins
  10 hobgoblins
  7 jackals
  6 kobolds
  7 quokkas
  8 bats
  6 giant newts
  6 rats
117 creatures vanquished.

Vanquished Creatures (collateral kills)
  A naga (D:3)
  A gnoll (D:3)
  A giant cockroach (D:3)
3 creatures vanquished.

Grand Total: 120 creatures vanquished

Notes
Turn   | Place    | Note
--------------------------------------------------------------
     0 | D:1      | magog001 the Formicid Fighter began the quest for the Orb.
     0 | D:1      | Reached XP level 1. HP: 18/18 MP: 1/1
   117 | D:1      | Reached XP level 2. HP: 16/24 MP: 2/2
   569 | D:1      | Reached XP level 3. HP: 25/29 MP: 3/3
   742 | D:1      | Reached skill level 4 in Shields
  1049 | D:2      | Reached XP level 4. HP: 33/37 MP: 4/4
  1057 | D:2      | Reached skill level 1 in Dodging
  1414 | D:2      | Found a sparkling altar of Nemelex Xobeh.
  1452 | D:2      | Became a worshipper of Nemelex Xobeh the Trickster
  1788 | D:3      | Noticed megamataman's ghost (amateur DDAr)
  1802 | D:3      | Killed megamataman's ghost
  1802 | D:3      | Reached skill level 5 in Shields
  1802 | D:3      | Reached XP level 5. HP: 28/42 MP: 5/5
  1871 | D:3      | Reached XP level 6. HP: 26/48 MP: 6/6
  1931 | D:3      | Received a gift from Nemelex Xobeh
  1955 | D:3      | Noticed a naga
  1955 | D:3      | a gnoll changed into a naga
  1975 | D:3      | Killed a naga
  2475 | D:3      | Received a gift from Nemelex Xobeh
  2551 | D:4      | Noticed magog001's ghost (amateur HESk)
  2568 | D:4      | Killed magog001's ghost
  2568 | D:4      | Reached skill level 6 in Shields
  2568 | D:4      | Reached XP level 7. HP: 48/55 MP: 7/7
  2651 | D:4      | Got a translucent leather armour
  2662 | D:4      | Identified the +2 leather armour of Refuge {rPois rN+ MR- Dex+3} (You found it on level 4 of the Dungeon)
  2784 | D:4      | Reached skill level 5 in Armour
  2938 | D:4      | Reached XP level 8. HP: 43/61 MP: 8/8
  3065 | D:4      | Reached skill level 5 in Fighting
  3065 | D:4      | Reached skill level 7 in Shields
  3353 | D:4      | Found a staircase to the Ecumenical Temple.
  3400 | D:4      | Reached skill level 1 in Stealth
  3495 | D:4      | Reached * piety under Nemelex Xobeh
  3684 | D:4      | Found a bloodstained altar of Trog.
  3776 | D:5      | Entered Level 5 of the Dungeon
  3885 | D:5      | Found an opulent altar of Gozag.
  3892 | D:5      | Received a gift from Nemelex Xobeh
  4026 | D:5      | Noticed magog001's ghost (novice CeFi)
  4040 | D:5      | HP: 2/62 [magog001's ghost (16)]
  4040 | D:5      | Slain by magog001's ghost

Skill      XL: |  1  2  3  4  5  6  7  8 |
---------------+-------------------------+-----
Shields        | 4 5 6 7 |  7.3
Fighting       | 4 5 |  5.1
Dodging        | 1 2 |  2.7
Armour         | 4 5 |  5.3
Axes           | 3 4 |  4.3
Stealth        | 1 |  1.0
Evocations     | |  0.7

Action                   |  1- 3 |  4- 6 |  7- 9 || total
-------------------------+-------+-------+-------++-------
Melee: War axe           |   105 |   174 |   131 ||   410
 Abil: Dig               |     4 |     1 |     2 ||     7
Evoke: Deck              |       |    10 |       ||    10
  Use: Scroll            |       |     9 |     1 ||    10
       Potion            |       |       |     3 ||     3
  Eat: Chunk             |     1 |     5 |     5 ||    11
       Beef jerky        |       |       |     1 ||     1
Armor: Scale mail        |    42 |    65 |     3 ||   110
       Leather armour    |       |       |    18 ||    18
Dodge: Dodged            |    35 |    65 |    40 ||   140
Block: Shield            |    62 |   118 |    69 ||   249
